 Dungeon Crawl Stone Soup version 0.30-a0-989-g0d87f670db (webtiles) character file.

Game seed: 6238102184415419061

2671 dolemite99 the Basher (level 9, 0/105 HPs)
             Began as a Hill Orc Fighter on Apr 4, 2023.
             Was an Initiate of Ashenzari.
             Slain by a kobold
             ... wielding a staff of earth
              (3 damage)
             ... on level 7 of the Dungeon.
             The game lasted 00:10:41 (8376 turns).

dolemite99 the Basher (Hill Orc Fighter)            Turns: 8376, Time: 00:10:41

Health: 0/105      AC: 11    Str: 23    XL:     9   Next: 63%
Magic:  9/9        EV: 12    Int:  8    God:    Ashenzari [......]
Gold:   475        SH:  4    Dex: 10    Spells: 8/8 levels left

rFire   . . .      SeeInvis +    a - +5 flail
rCold   . . .      Faith    .    c - +0 buckler
rNeg    . . .      Spirit   .    l - +0 chain mail
rPois   .          Reflect  .    (no helmet)
rElec   .          Rampage  .    (no cloak)
rCorr   .                        (no gloves)
Will    .....                    f - +1 pair of boots of Panopticon {Range, Elem} (curse) Stlth
                                 (no amulet)
HPRegen 0.37/turn                i - +5 ring of evasion
MPRegen 0.11/turn                q - ring of see invisible

@: mighty, berserking, very quick
A: no striking features
a: Renounce Religion, Shatter the Chains


You were on level 7 of the Dungeon.
You worshipped Ashenzari.
Ashenzari was noncommittal.
You visited 2 branches of the dungeon, and saw 8 of its levels.
You also visited: Ossuary.

You collected 475 gold pieces.

Inventory:

Hand Weapons
 a - a +5 flail (weapon)
 b - a +4 sling
 g - a +0 war axe
Missiles
 t - 2 javelins (quivered)
 A - 4 boomerangs
Armour
 c - a +0 buckler (worn)
 f - the cursed +1 pair of boots of Panopticon (worn) {Range, Elem}
   (You found it on level 2 of the Dungeon)

   It has a curse which improves the following skills: Ranged Combat: Ranged
   Weapons and Throwing.
   Elements:  Fire Magic, Ice Magic, Air Magic and Earth Magic.
 l - a +0 chain mail (worn)
Jewellery
 i - a +5 ring of evasion (left hand)
 q - a ring of see invisible (right hand)
Wands
 j - a wand of mindburst (7)
 p - a wand of polymorph (4)
 z - a wand of acid (4)
Scrolls
 h - a scroll of poison
 m - 6 scrolls of identify {@r1}
 w - 2 scrolls of vulnerability
 y - a scroll of noise
Potions
 d - 2 potions of attraction
 k - 2 potions of berserk rage
 n - a potion of cancellation
 o - a potion of might
 s - a potion of flight
 u - a potion of haste
 x - a potion of lignification


   Skills:
 - Level 3.6 Fighting
 - Level 4.0(11.1) Axes
 + Level 13.5(13.7) Maces & Flails
 - Level 3.2 Armour
 - Level 3.2 Shields


You had 8 spell levels left.
You didn't know any spells.
Your spell library contained the following spells:

 Spells                   Type           Power      Damage    Failure   Level
 Shock                    Conj/Air       0%         1d3       99%         1
 Swiftness                Air            0%         N/A       100%        3
 Airstrike                Air            0%         2d(0-16)  100%        4


Dungeon Overview and Level Annotations

Branches:
Dungeon (7/15)             Temple (1/1) D:5         Ossuary (visited)

Altars:
Ashenzari
Elyvilon
Fedhas
Gozag
Hepliaklqana
Kikubaaqudgha
Makhleb
Nemelex Xobeh
Okawaru
Ru
Trog
Uskayaw
Vehumet
Wu Jian
Xom
Zin
The Shining One

Shops:
D:1 =

Annotations:
D:6 exclusion: downstairs
D:7 2 transporters, patfeehan111222's ghost, novice MiBe


Message History

Two slime creatures merge to form a large slime creature.
The slime creature misses you.
The slime creature hits you but does no damage.
You feel better. The slime creature hits you!
* * * LOW HITPOINT WARNING * * *
The slime creature barely misses you.
The kobold brigand throws a poisoned dart.
The poisoned dart misses you.
A red film seems to cover your vision as you go berserk!
You feel yourself moving faster!
You feel mighty! The slime creature hits you.
* * * LOW HITPOINT WARNING * * *
The slime creature closely misses you. You block the kobold's attack.
A large slime creature splits.
You thump the slime creature!
The slime creature is severely wounded.
You sock the slime creature!
The slime creature is severely wounded.
The kobold hits you but does no damage. The slime creature misses you.
The slime creature hits you but does no damage.
The kobold brigand closely misses you.
Two slime creatures merge to form a large slime creature. x2
You bludgeon the large slime creature!!
The large slime creature is heavily wounded.
You hear a shout!
You bludgeon the large slime creature!!
The large slime creature is severely wounded.
The kobold hits you but does no damage. The kobold brigand barely misses you.
You bludgeon the large slime creature!!
The large slime creature is heavily wounded.
A kobold comes into view.
It is wielding a +0 dagger and quivering poisoned darts.
You bludgeon the large slime creature!!
The large slime creature is almost dead.
The kobold brigand misses you.
The large slime creature barely misses you.
The large slime creature hits you!!
* * * LOW HITPOINT WARNING * * *
You barely miss the large slime creature.
The large slime creature is almost dead.
The kobold hits you with a staff of earth.
You die...

####.....J...#
######...J## . #.....#
#. ########
#.....###..
#......####.J....#.D.
##........§#J...[.#.#.
#.......§§§K..........
#....KJK§§§...K.......
#....@JKK§##.......>..
##...K§§§###....>.....
###.§§### #..........
##### ##..........
#....#......
#....#......
###...##......
#....###...... ##...#
#.)....


You could see 2 large slime creatures, a kobold brigand and 4 kobolds.

Vanquished Creatures
  A slime creature (D:7)
  A steam dragon (D:7)
  3 sky beasts
  A black bear (D:6)
  7 ogres
  The ghost of grumposus the Insei, an amateur OpTm (D:3)
  2 phantoms (D:6)
  A bullfrog (D:6)
  2 bullfrog zombies (D:3)
  2 hounds
  4 orc priests
  2 sleepcaps (D:5)
  Terence (D:2)
  6 iguanas
  10 orc wizards
  A killer bee zombie (D:3)
  8 mummies (Ossuary)
  Robin (D:4)
  6 adders
  4 gnolls (D:4)
  A shadow imp (D:5)
  A white imp (D:6)
  An ufetubus (D:6)
  2 worms
  3 dart slugs
  25 orcs
  12 endoplasms
  3 giant cockroaches
  14 goblins
  11 hobgoblins
  8 jackals
  2 quokkas
  11 ball pythons
  6 bats
  7 frilled lizards
  A gnoll zombie (Ossuary)
  3 hobgoblin zombies (Ossuary)
  8 kobolds
  3 kobold zombies (Ossuary)
  An orc zombie (Ossuary)
  13 rats
200 creatures vanquished.

Notes
Turn   | Place    | Note
-------+----------+-------------------------------------------
     0 | D:1      | dolemite99 the Hill Orc Fighter began the quest for the
                  | Orb.
     0 | D:1      | Reached XP level 1. HP: 19/19 MP: 1/1
   159 | D:1      | Reached XP level 2. HP: 23/26 MP: 2/2
   326 | D:1      | Found Kukh's Jewellery Shoppe.
   686 | D:1      | Reached skill level 1 in Maces & Flails
   971 | D:2      | Reached XP level 3. HP: 29/31 MP: 3/3
  1002 | D:2      | Noticed Terence
  1017 | D:2      | Killed Terence
  1018 | D:2      | Reached skill level 2 in Maces & Flails
  1079 | D:2      | Reached XP level 4. HP: 39/39 MP: 4/4
  1099 | D:2      | Reached skill level 3 in Maces & Flails
  1377 | D:2      | Reached skill level 4 in Maces & Flails
  1427 | D:1      | Reached XP level 5. HP: 19/45 MP: 5/5
  1988 | D:3      | Reached skill level 5 in Maces & Flails
  2415 | D:3      | Found a runed translucent gate.
  2415 | D:3      | Found a runed translucent gate.
  2415 | D:3      | Found a runed translucent gate.
  2420 | D:3      | Noticed grumposus's ghost (amateur OpTm)
  2752 | D:3      | Killed grumposus's ghost
  2753 | D:3      | Reached skill level 6 in Maces & Flails
  2753 | D:3      | Reached XP level 6. HP: 42/51 MP: 6/6
  2770 | D:3      | HP: 2/51 [bullfrog zombie (3)]
  3183 | D:4      | Reached skill level 7 in Maces & Flails
  3233 | D:4      | Reached XP level 7. HP: 57/57 MP: 7/7
  3270 | D:4      | Reached skill level 8 in Maces & Flails
  3282 | D:4      | Found a glowing golden altar of the Shining One.
  3317 | D:4      | Became a worshipper of the Shining One
  3374 | D:4      | Noticed Robin
  3420 | D:4      | Killed Robin
  3891 | D:4      | Found an ornate altar of the Wu Jian Council.
  3947 | D:4      | Reached skill level 9 in Maces & Flails
  4442 | D:4      | Found an iron altar of Okawaru.
  4526 | D:5      | Entered Level 5 of the Dungeon
  4527 | D:5      | Found a hazy altar of Hepliaklqana.
  4537 | D:5      | Reached XP level 8. HP: 64/64 MP: 8/8
  4975 | D:5      | Found a sacrificial altar of Ru.
  5003 | D:5      | Reached skill level 10 in Maces & Flails
  5684 | D:5      | Found a staircase to the Ecumenical Temple.
  5720 | Temple   | Entered the Ecumenical Temple
  5720 | Temple   | Noticed a sun demon
  5720 | Temple   | Noticed a hellwing
  5720 | Temple   | Noticed a tormentor
  5720 | Temple   | Noticed a sixfirhy
  5720 | Temple   | Noticed a cacodemon
  5721 | Temple   | Noticed Upluh the pandemonium lord
  5721 | Temple   | Noticed Hoasuo the pandemonium lord
  5751 | Temple   | Noticed Zyfime Ysus the pandemonium lord
  5751 | Temple   | Reached * piety under the Shining One
  5769 | Temple   | Noticed Asymyb the pandemonium lord
  5769 | Temple   | Noticed a hellwing
  5777 | Temple   | Noticed an orange demon
  5777 | Temple   | Noticed Poolilu the pandemonium lord
  5781 | Temple   | Noticed a blizzard demon
  5796 | Temple   | Noticed Basik the pandemonium lord
  5796 | Temple   | Noticed a red devil
  5847 | Temple   | Fell from the grace of the Shining One
  5847 | Temple   | Became a worshipper of Ashenzari the Shackled
  6339 | D:5      | Reached skill level 11 in Maces & Flails
  6816 | D:6      | Reached XP level 9. HP: 67/70 MP: 9/9
  6837 | D:6      | Found a sand-covered staircase.
  6848 | Ossuary  | Entered an ossuary
  7062 | Ossuary  | Reached skill level 12 in Maces & Flails
  7997 | D:7      | Found a transporter.
  8012 | D:7      | Reached skill level 13 in Maces & Flails
  8327 | D:7      | Found a transporter.
  8331 | D:7      | Noticed patfeehan111222's ghost (novice MiBe)
  8332 | D:7      | Identified the +8 great mace of Xoalun {venom, rF- rN++
                  | Str+3}
  8332 | D:7      | Noticed a two-headed ogre
  8375 | D:7      | HP: 3/105 [large slime creature (19)]
  8376 | D:7      | Slain by a kobold

Illustrated notes

Levels and vault maps discovered:
D:1:      dpeg_arrival_oval, layout_loops_corners, serial_shops,
          nicolae_shop_trees, minmay_rat_gold_closets
D:2:      layout_rooms, nicolae_kite_square_tiling_tiny, uniq_terence
D:3:      layout_basic, gammafunk_ghost_necromancy
D:4:      layout_rooms, mainiacjoe_overflow_alcove_1,
          mainiacjoe_overflow_small_starburst, lemuel_tele_altar,
          minmay_crystal_room, minmay_cut_off, uniq_robin
D:5:      layout_basic, mainiacjoe_overflow_24_doors, general_overflow_altar,
          minmay_temple_entry_stoned_glass
D:6:      layout_loops_ring, nicolae_ossuary_entry_false_entrances
D:7:      layout_cave_pods, nicolae_yredelemnul_corpse_copse,
          gammafunk_ghost_smash, serial_shops, nicolae_shop_window_shopping,
          roderic_batcave
Temple:   nicolae_temple_panitentiary

Skill      XL: |  1  2  3  4  5  6  7  8  9 |
---------------+----------------------------+-----
Axes           | 3 4 |  4.0
Maces & Flails | 1 2 4 6 7 9 11 13 | 13.5
Fighting       | |  3.6
Armour         | |  3.2
Shields        | |  3.2

Action                     |  1- 3 |  4- 6 |  7- 9 || total
---------------------------+-------+-------+-------++-------
  Melee: War axe           |    60 |       |       ||    60
         Flail             |    39 |   212 |   322 ||   573
   Fire: Sling             |       |       |    27 ||    27
  Throw: Javelin           |       |       |    21 ||    21
 Invoke: Curse Item        |       |       |     1 ||     1
  Evoke: Wand              |       |       |     5 ||     5
    Use: Potion            |     1 |     3 |     9 ||    13
         Scroll            |       |     6 |    17 ||    23
 Armour: Scale mail        |    54 |     5 |       ||    59
         Chain mail        |       |    98 |   125 ||   223
         Skin              |       |       |    82 ||    82
  Dodge: Dodged            |    56 |   137 |   181 ||   374
  Block: Buckler           |    25 |    39 |    71 ||   135

Table legend: (Time is in decaauts)
 A = Elapsed time spent in this place.
 B = Non-inter-level travel time spent in this place.
 C = Inter-level travel time spent in this place.
 D = Time resting spent in this place.
 E = Time spent auto-exploring this place.
 F = Levels seen in this place.
 G = Mean time per level.
                   A        B        C        D        E       F      G
               +--------+--------+--------+--------+--------+-----+--------+
         Total |   8441 |   8186 |    255 |   2871 |   3402 |   9 |  937.9 |
       Dungeon |   7875 |   7662 |    213 |   2694 |   3281 |   7 | 1125.0 |
        Temple |    148 |    106 |     42 |      0 |     89 |   1 |  148.0 |
       Ossuary |    417 |    417 |      0 |    177 |     32 |   1 |  417.0 |
               +--------+--------+--------+--------+--------+-----+--------+

Top non-repeatable levels by time:
     D:5: 1846 daAuts
     D:4: 1366 daAuts
     D:3: 1319 daAuts
     D:1: 1212 daAuts
     D:6: 1016 daAuts
     D:2: 698 daAuts
 Ossuary: 417 daAuts
     D:7: 415 daAuts
  Temple: 148 daAuts
